 Dungeon Crawl Stone Soup version 0.27-a0-1548-gf8a67e7463 (webtiles) character file.

Game seed: 2426588687031887475

4192 fiver49 the Spear-Bearer (level 10, -7/87 HPs)
             Began as a Naga Wanderer on July 14, 2021.
             Was a Believer of Fedhas.
             Mangled by a two-headed ogre (22 damage)
             ... on level 10 of the Dungeon.
             The game lasted 00:34:29 (7320 turns).

fiver49 the Spear-Bearer (Naga Wanderer)            Turns: 7320, Time: 00:34:30

Health: -7/87      AC:  8    Str: 15    XL:     10   Next: 29%
Magic:  9/11       EV: 10    Int: 15    God:    Fedhas [**....]
Gold:   419        SH:  0    Dex: 15    Spells: 8/9 levels left

rFire    . . .     SeeInvis +   a - +2 spear
rCold    . . .     Faith    .   (no shield)
rNeg     . . .     Spirit   .   R - +0 leather armour of Dim Light {Dex+4 Slay+3}
rPois    +         Reflect  .   m - +0 helmet
rElec    .         Harm     .   Q - +0 cloak
rCorr    .         Rampage  .   B - +0 pair of gloves
Will     +....                  (no barding)
Stlth    +++.......             k - amulet of regeneration
HPRegen  1.24/turn              (no ring)
MPRegen  0.12/turn              (no ring)

@: studying Maces & Flails, very slow
A: AC +3, large, see invisible, deformed body, poison resistance, slowness 2,
spit poison 1, naga tail 1
a: Spit Poison, Renounce Religion, Wall of Briars


You were on level 10 of the Dungeon.
You worshipped Fedhas.
Fedhas was pleased with you.
You visited 2 branches of the dungeon, and saw 11 of its levels.

You collected 419 gold pieces.

Inventory:

Hand Weapons
 a - a +2 spear (weapon)
 p - a +4 dagger
 I - a +0 trident
Missiles
 n - 10 boomerangs (quivered)
 C - 2 silver boomerangs
Armour
 m - a +0 helmet (worn)
 v - a +2 robe of the Archmagi
 B - a +0 pair of gloves (worn)
 F - a +2 robe of fire resistance
 Q - a +0 cloak (worn)
 R - the +0 leather armour of Dim Light (worn) {Dex+4 Slay+3}
   (You found it on level 9 of the Dungeon)

   Dex:       It affects your dexterity (+4).
   Slay:      It affects your accuracy & damage with ranged weapons and melee
   (+3).
Jewellery
 k - an amulet of regeneration (around neck)
 M - a ring of flight
 N - a ring of see invisible
 O - an amulet of faith
Wands
 x - a wand of polymorph (6)
 D - a wand of iceblast (8)
 L - a wand of acid (3)
 P - a wand of flame (57)
Scrolls
 e - 4 scrolls of fear
 h - 2 scrolls of enchant armour {unknown}
 i - 2 scrolls of amnesia
 o - 5 scrolls of enchant weapon
 q - a scroll of holy word {unknown}
 u - 2 scrolls of immolation
 A - 2 scrolls of magic mapping
 E - a scroll of teleportation {unknown}
 G - 2 scrolls of fog {unknown}
 H - a scroll of vulnerability {unknown}
 J - 2 scrolls of summoning {unknown}
 K - a scroll of silence {unknown}
 T - a scroll of identify
Potions
 c - 2 potions of might
 d - 2 potions of heal wounds
 g - a potion of degeneration {unknown}
 j - a potion of invisibility {unknown}
 l - 2 potions of cancellation
 r - 2 potions of haste {unknown}
 s - 3 potions of curing
 t - a potion of magic {unknown}
 w - a potion of brilliance {unknown}
 z - 2 potions of flight
 S - a potion of lignification {unknown}


   Skills:
 * Level 4.7 Fighting
 - Level 11.9(12.0) Polearms
 - Level 2.0(8.0) Staves
 * Level 3.3 Armour
 * Level 3.5 Dodging
 + Level 5.4 Stealth
 - Level 1.0 Shields
 + Level 2.3 Invocations


You had 8 spell levels left.
You knew the following spells:

 Your Spells              Type           Power      Damage    Failure   Level
a - Shock                 Conj/Air       0%         1d3       32%         1

Your spell library contained the following spells:

 Spells                   Type           Power      Damage    Failure   Level
 Blink                    Tloc           N/A        N/A       45%         2
 Ensorcelled Hibernation  Hex/Ice        0%         N/A       45%         2
 Slow                     Hex            0%         N/A       45%         2
 Dazzling Flash           Conj/Hex       0%         N/A       69%         3
 Frozen Ramparts          Ice            0%         1d2       69%         3
 Lesser Beckoning         Tloc           0%         N/A       69%         3
 Swiftness                Air            0%         N/A       69%         3
 Ice Form                 Ice/Tmut       0%         N/A       97%         4
 Summon Ice Beast         Ice/Summ       0%         N/A       97%         4
 Agony                    Necr           0%         N/A       100%        5
 Manifold Assault         Tloc           0%         N/A       100%        5
 Silence                  Hex/Air        0%         N/A       100%        5


Dungeon Overview and Level Annotations

Branches:
Dungeon (10/15)            Temple (1/1) D:4
   Lair: D:8-11         Orc: D:9-12

Altars:
Ashenzari
Cheibriados
Dithmenos
Elyvilon
Fedhas
Hepliaklqana
Kikubaaqudgha
Makhleb
Nemelex Xobeh
Okawaru
Qazlal
Ru
Sif Muna
Trog
Uskayaw
Vehumet
Wu Jian
Xom
Yredelemnul
Zin
The Shining One

Shops:
D:2 [

Annotations:
D:3 2 transporters
D:6 Menkaure
D:8 Joseph
D:9 Erica


Innate Abilities, Weirdness & Mutations

Your serpentine skin is tough. (AC +3)
You have supernaturally acute eyesight. (SInv)
Armour fits poorly on your strangely shaped body.
Your system is resistant to poisons. (rPois)
You cover ground very slowly.
You can spit poison.
You have a snake-like lower body.


Message History

Okay, then.
Okay, then.
Okay, then.
Annotate which branch? (. - D:10, ? - help, ! - show branch list)
Okay, then.
Okay, then.
Okay, then.
Press: ? - help, Dir - move target A ballistomycete grows from the ground.
You can no longer grow a ballistomycete.
A ballistomycete spore comes into view.
The two-headed ogre hits you with a +0 giant club!!
The two-headed ogre hits you with a +0 giant club!
Your ballistomycete spore explodes!
The two-headed ogre appears confused.
The explosion of spores engulfs the two-headed ogre!
The two-headed ogre is moderately wounded.
A ballistomycete spore comes into view.
Your ballistomycete spore explodes!
The two-headed ogre appears confused.
The explosion of spores engulfs the two-headed ogre!
The two-headed ogre is severely wounded.
You reach to attack!
You hit the two-headed ogre.
The two-headed ogre is severely wounded.
A ballistomycete spore comes into view.
You reach to attack!
You puncture the two-headed ogre!
The two-headed ogre is severely wounded.
Your ballistomycete spore explodes!
The two-headed ogre seems less confused.
The two-headed ogre completely misses you.
The two-headed ogre hits you with a +0 giant club!
The two-headed ogre hits you with a +0 giant club!!
The two-headed ogre hits you with a +0 giant club.
The two-headed ogre hits you with a +0 giant club!!
* * * LOW HITPOINT WARNING * * *
The two-headed ogre hits you with a +0 giant club.
* * * LOW HITPOINT WARNING * * *
The two-headed ogre hits you with a +0 giant club!!
You die...
Fedhas appreciates your contribution to the ecosystem.

#............ ..
##+##'########.##
#................
#...........≈#.#
#...........≈≈.#
#P..........≈≈.#
#...........≈....
#..........#≈####
#..@O......+...
#..........# ##..
############ .


You could see a two-headed ogre (ally target) and a friendly ballistomycete
(summoned).

Vanquished Creatures
  A deep elf pyromancer (D:8)
  Sigmund (D:4)
  2 shadows (D:6)
  5 yaks (D:7)
  3 orc warriors
  2 ice beasts
  A sky beast (D:7)
  2 black bears
  2 centaurs (D:5)
  2 bullfrogs
  A wyvern zombie (D:7)
  2 scorpions
  A water moccasin zombie (D:3)
  A wyvern skeleton (D:7)
  An electric eel (D:10)
  2 wights (D:7)
  A howler monkey (D:6)
  2 centaur zombies
  4 hounds
  A bullfrog skeleton (D:5)
  2 gnoll shamans
  4 jellies
  5 orc priests
  An iguana (D:4)
  7 orc wizards
  A hound zombie (D:5)
  2 howler monkey zombies
  Robin (D:1)
  A howler monkey skeleton (D:6)
  14 gnolls
  9 adders
  A white imp (D:5)
  An ufetubus (D:5)
  An adder skeleton (D:4)
  A dart slug (D:1)
  15 orcs
  2 bats (D:1)
  2 endoplasms
  2 giant cockroaches
  10 hobgoblins
  A quokka (D:4)
  5 ball pythons
  4 frilled lizards
  12 goblins
  9 kobolds
  3 rats (D:2)
153 creatures vanquished.

Vanquished Creatures (collateral kills)
  2 ballistomycete spores (D:10)
2 creatures vanquished.

Vanquished Creatures (others)
  52 plants
52 creatures vanquished.

Grand Total: 207 creatures vanquished

Notes
Turn   | Place    | Note
-------+----------+-------------------------------------------
     0 | D:1      | fiver49 the Naga Wanderer began the quest for the Orb.
     0 | D:1      | fiver49 set off with the following items: a +2 spear, a +0
                  | robe, a +0 dagger; and the following spell memorised:
                  | Shock; and the following spells available to memorise:
                  | Ensorcelled Hibernation, Slow, Swiftness
     0 | D:1      | Reached XP level 1. HP: 19/19 MP: 1/1
   174 | D:1      | Reached XP level 2. HP: 21/26 MP: 2/2
   294 | D:1      | Found a faded altar of an unknown god.
  1253 | D:2      | Reached skill level 3 in Polearms
  1275 | D:2      | Noticed Robin
  1294 | D:1      | Killed Robin
  1295 | D:1      | Reached XP level 3. HP: 5/32 MP: 3/3
  1432 | D:2      | Found Fias's Armour Boutique.
  1552 | D:2      | Reached skill level 4 in Polearms
  1927 | D:3      | Reached XP level 4. HP: 16/39 MP: 4/4
  2148 | D:3      | Reached skill level 5 in Polearms
  2148 | D:3      | Reached XP level 5. HP: 45/45 MP: 5/5
  2262 | D:3      | Found a transporter.
  2317 | D:3      | Found a transporter.
  2583 | D:4      | Noticed Sigmund
  2671 | D:4      | Found a staircase to the Ecumenical Temple.
  2682 | Temple   | Entered the Ecumenical Temple
  2982 | Temple   | Became a worshipper of Fedhas Madash
  3048 | D:4      | Found a hazy altar of Hepliaklqana.
  3108 | D:4      | Reached skill level 6 in Polearms
  3140 | D:4      | Reached XP level 6. HP: 39/52 MP: 6/6
  3177 | D:4      | Found a shimmering altar of Xom.
  3177 | D:4      | Found a shimmering altar of Xom.
  3177 | D:4      | Found a shimmering altar of Xom.
  3311 | D:4      | Noticed an acid dragon
  3718 | D:5      | Entered Level 5 of the Dungeon
  3856 | D:5      | Noticed a black bear
  3870 | D:4      | Reached skill level 7 in Polearms
  3883 | D:4      | Killed Sigmund
  3884 | D:4      | Reached XP level 7. HP: 39/60 MP: 7/7
  4053 | D:5      | Reached skill level 8 in Polearms
  4058 | D:5      | Reached * piety under Fedhas
  4290 | D:5      | Reached skill level 9 in Polearms
  4290 | D:5      | Reached XP level 8. HP: 32/67 MP: 8/8
  4868 | D:6      | Reached skill level 10 in Polearms
  4889 | D:6      | Noticed a shadow
  4933 | D:6      | Killed a shadow
  4993 | D:6      | Noticed a shadow
  5018 | D:6      | Killed a shadow
  5019 | D:6      | Reached skill level 11 in Polearms
  5072 | D:6      | Reached XP level 9. HP: 66/73 MP: 9/9
  5096 | D:6      | Reached ** piety under Fedhas
  5129 | D:6      | Found a glowing silver altar of Zin.
  5132 | D:6      | Noticed an angel
  5228 | D:6      | Found a bloodstained altar of Trog.
  5237 | D:6      | Found a stormy altar of Qazlal.
  5263 | D:6      | Noticed Menkaure
  5465 | D:6      | You fall into a shaft and drop 3 floors!
  6044 | D:8      | Noticed a deep elf pyromancer
  6048 | D:8      | Killed a deep elf pyromancer
  6049 | D:8      | Reached skill level 1 in Armour
  6211 | D:7      | Reached skill level 1 in Invocations
  6307 | D:7      | Reached XP level 10. HP: 75/85 MP: 11/11
  6325 | D:7      | Reached skill level 5 in Stealth
  6455 | D:8      | Noticed Joseph
  6849 | D:9      | Identified the +0 leather armour of Dim Light {Dex+4
                  | Slay+3}
  6914 | D:9      | Noticed Erica
  6928 | D:9      | Found an ornate altar of the Wu Jian Council.
  6960 | D:10     | Entered Level 10 of the Dungeon
  7073 | D:10     | Reached *** piety under Fedhas
  7301 | D:10     | Noticed a two-headed ogre
  7320 | D:10     | Mangled by a two-headed ogre

Illustrated notes

Levels and vault maps discovered:
D:1:      dpeg_arrival_shrine, layout_basic,
          shapermc_ecumenical_altar_notcrosses
D:2:      layout_loops_ring, serial_shops, shop, uniq_robin
D:3:      layout_basic, gammafunk_ghost_gnarly_gnolls, chequers_garden,
          chequers_serial_rivers_small_a
D:4:      layout_cave_pools, overflow_temple_1_default, xom_redecorated,
          minmay_temple_entry_drinking_statues, lightli_corner_chamber,
          uniq_sigmund
D:5:      layout_loops_ring, serial_bayou, serial_bayou_shore_a,
          serial_bayou_pond_c, serial_bayou_shore_b, serial_bayou_pond_a,
          minmay_misc_feat_chi, bh_walls_and_bars
D:6:      layout_rooms, zin_angel, mainiacjoe_overflow_big_doors, uniq_menkaure
D:7:      layout_basic, grunt_tough_drop
D:8:      layout_cave_pools, uniq_joseph
D:9:      layout_gridville, nzn_wu_jian_council_hall, uniq_erica
D:10:     layout_basic, nicolae_gozag_cash_rules_everything_around_me
Temple:   regret_index_temple_generic_petals

Skill      XL: |  1  2  3  4  5  6  7  8  9 10 |
---------------+-------------------------------+-----
Polearms       | 3 4 5 6 7 9 11 | 11.9
Fighting       | 4 |  4.7
Armour         | 2 3 |  3.3
Dodging        | 3 |  3.5
Stealth        | 4 5 |  5.4
Invocations    | 1 2 |  2.3
Staves         | |  2.0
Shields        | |  1.0

Action                   |  1- 3 |  4- 6 |  7- 9 | 10-12 || total
-------------------------+-------+-------+-------+-------++-------
Melee: Spear             |    98 |    84 |   467 |   125 ||   774
Throw: Boomerang         |    14 |     7 |    21 |    12 ||    54
Invok: Grow Ballistomyce |       |       |       |     1 ||     1
 Abil: Spit Poison       |     4 |    33 |    47 |    17 ||   101
Evoke: Wand              |       |       |     3 |       ||     3
  Use: Potion            |       |     1 |       |       ||     1
       Scroll            |       |       |     8 |     3 ||    11
 Stab: Sleeping          |     4 |     2 |     1 |     1 ||     8
       Fleeing           |       |       |     1 |       ||     1
Armor: Robe              |    17 |     9 |   110 |     9 ||   145
       Leather armour    |       |       |       |     4 ||     4
Dodge: Dodged            |    27 |    21 |   135 |    32 ||   215

Table legend: (Time is in decaauts)
 A = Elapsed time spent in this place.
 B = Non-inter-level travel time spent in this place.
 C = Inter-level travel time spent in this place.
 D = Time resting spent in this place.
 E = Time spent auto-exploring this place.
 F = Levels seen in this place.
 G = Mean time per level.
                   A        B        C        D        E       F      G
               +--------+--------+--------+--------+--------+-----+--------+
         Total |   9304 |   8558 |    746 |     60 |   6630 |  11 |  845.8 |
       Dungeon |   8830 |   8179 |    651 |     60 |   6293 |  10 |  883.0 |
        Temple |    473 |    378 |     95 |      0 |    337 |   1 |  473.0 |
               +--------+--------+--------+--------+--------+-----+--------+

Top non-repeatable levels by time:
     D:1: 1683 daAuts
     D:4: 1175 daAuts
     D:5: 1124 daAuts
     D:3: 1116 daAuts
     D:7: 919 daAuts
     D:2: 807 daAuts
     D:6: 684 daAuts
     D:8: 637 daAuts
  Temple: 473 daAuts
    D:10: 440 daAuts
     D:9: 239 daAuts
